 Dungeon Crawl Stone Soup version 0.20.1-1-g8b1a95d (webtiles) character file.

17 danweel the Cudgeler (level 2, 0/26 HPs)
             Began as a Minotaur Fighter on Nov 5, 2017.
             Slain by Natasha (3 damage)
             ... on level 2 of the Dungeon.
             The game lasted 00:03:56 (955 turns).

danweel the Cudgeler (Minotaur Fighter)              Turns: 955, Time: 00:03:56

Health: 0/26       AC:  6    Str: 20    XL:     2   Next: 44%
Magic:  1/1        EV:  8    Int:  5    God:
Gold:   50         SH:  9    Dex:  9    Spells: 1/1 levels left

rFire    . . .     SeeInvis .   a - +0 flail
rCold    . . .     Gourm    .   c - +0 shield
rNeg     + . .     Faith    +   j - +1 ring mail {rN+}
rPois    .         Spirit   .   (helmet restricted)
rElec    .         Reflect  .   (no cloak)
rCorr    .         Harm     .   (no gloves)
MR       .....                  (no boots)
Stlth    ..........             h - amulet of faith
Regen    0.1/turn               (no ring)
MPRegen  0.1/turn               (no ring)

@: no status effects
A: retaliatory headbutt, horns 2
a: no special abilities


You were on level 2 of the Dungeon.
You were not hungry.

You visited 1 branch of the dungeon, and saw 2 of its levels.

You collected 50 gold pieces.

Inventory:

Hand Weapons
 a - a +0 flail (weapon)
Armour
 b - a +0 scale mail
 c - a +0 shield (worn)
 j - a +1 ring mail of positive energy (worn)
Jewellery
 h - an amulet of faith (around neck)
Scrolls
 k - 2 scrolls of immolation {unknown}
 m - a scroll of fog {unknown}
 p - a scroll of amnesia {unknown}
Potions
 d - 2 potions of might
 e - a potion of curing {unknown}
 g - a potion of degeneration {unknown}
 o - a potion of mutation {unknown}
 q - a potion of haste
Books
 n - a book of Minor Magic

   Spells                             Type                      Level
   a - Magic Dart                     Conjuration                  1
   b - Blink                          Translocation                2
   c - Call Imp                       Summoning                    2
   d - Slow                           Hexes                        2
   e - Conjure Flame                  Conjuration/Fire             3
   f - Mephitic Cloud                 Conjuration/Poison/Air       3
Comestibles
 f - 3 bread rations
 i - 4 chunks of flesh
 l - 2 meat rations


   Skills:
 - Level 3.6 Fighting
 + Level 3.8 Maces & Flails
 - Level 3.6 Armour
 - Level 3.6 Shields


You had one spell level left.
You didn't know any spells.

Dungeon Overview and Level Annotations

Branches:
Dungeon (2/15)

Altars:

Annotations:
D:2 Natasha


Innate Abilities, Weirdness & Mutations

You reflexively headbutt those who attack you in melee.
You have a pair of horns on your head.


Message History

You resist with significant effort.
Your shield prevents you from hitting the goblin.
The goblin is severely wounded.
Natasha howls an incantation.
You feel disoriented. You block Natasha's attack. Natasha claws you.
The goblin closely misses you. You furiously retaliate!
You headbutt the goblin, but do no damage.
Natasha barely misses you.
You closely miss Natasha. Your headbutt misses Natasha.
Natasha howls an incantation.
Natasha's front paws start to glow.
Natasha claws you. You block Natasha's attack. Natasha claws you.
* * * LOW HITPOINT WARNING * * *
You block Natasha's attack.
Natasha howls an incantation.
You feel troubled. Natasha claws you.
You die...

.............. ...######.##...
............# #...##<..#...#
......#.... ####...........
.......[.####### ...............
...............######..>........
......###..###....##..).........
..... ##.## #..<............
#.########.w#####....#..........
. #........gh@..#....##.#..###
#........g.......##.........
#................##.........
##############......>.......
##########...#. ###... ###. #.
#.


You could see Natasha, a dart slug and 2 goblins.

Vanquished Creatures
  2 leopard geckos
  A giant cockroach (D:1)
  2 goblins
  3 hobgoblins
  2 kobolds
  A bat (D:1)
  A frilled lizard (D:1)
  2 rats (D:1)
14 creatures vanquished.

Notes
Turn   | Place    | Note
-------+----------+-------------------------------------------
     0 | D:1      | danweel the Minotaur Fighter began the quest for the Orb.
     0 | D:1      | Reached XP level 1. HP: 19/19 MP: 0/0
   447 | D:1      | Reached XP level 2. HP: 19/26 MP: 1/1
   941 | D:2      | Noticed Natasha
   955 | D:2      | Slain by Natasha

Skill      XL: |  1 |
---------------+----+-----
Maces & Flails | 3 |  3.8
Fighting       | |  3.6
Armour         | |  3.6
Shields        | |  3.6

Action                   || total
-------------------------++-------
Melee: Flail             ||    33
       Headbutt          ||     4
Armor: Ring mail         ||     7
       Scale mail        ||     1
Dodge: Dodged            ||    10
Block: Shield            ||    23
